AoeStats
← Low_Fuchs

Ghost Lake

490901480Analyzed
1v1 RM · 3mo ago on Jul 8, 2026· 55m 54s· 2 players
Game mode
Random Map
Map size
Tiny (2 player)
Population
200
Speed
Normal
Resources
Standard
Victory
Conquest
Starting age
Dark Age
Ending age
Imperial Age
RankedLock teamsTeams togetherTeam positionsShared explorationLock speedFull tech treeHidden civsTurbo modeCheats
Victory
Defeat
🇩🇪 Persians · Germany
1360
+16
🇳🇴 Japanese · Norway
1357
-16
Horagalles
6:11 Loom
8:52 Feudal Age
9:08 Man-at-Arms
10:09 Double-Bit Axe
16:35 Fletching
16:58 Horse Collar
20:25 Arson
21:16 Padded Archer Armor
23:44 Gold Mining
23:46 Stone Mining
25:08 Wheelbarrow
27:51 Castle Age
27:55 Crossbowman
28:41 Thumb Ring
30:20 Bodkin Arrow
30:40 Leather Archer Armor
31:13 Pikeman
37:11 Ballistics
37:23 Scale Mail Armor
37:57 Forging
39:48 Sanctity
45:38 Elite Skirmisher
49:01 Imperial Age
49:07 Bow Saw
48:58 Heavy Plow
49:34 Gold Shaft Mining
49:18 Arbalester
50:03 Bracer
51:28 Conscription
52:54 Chemistry
Low_Fuchs
6:33 Loom
9:27 Feudal Age
9:53 Double-Bit Axe
9:49 Horse Collar
17:57 Fletching
22:44 Castle Age
23:07 Bloodlines
27:10 Scale Barding Armor
31:29 Chain Barding Armor
34:09 Forging
34:04 Husbandry
39:16 Iron Casting
39:29 Devotion
42:34 Wheelbarrow
42:10 Bow Saw
42:30 Crossbowman
43:06 Bodkin Arrow
43:25 Kamandaran
43:26 Bodkin Arrow
47:17 Imperial Age
44:50 Heavy Plow
44:40 Gold Mining
45:11 Padded Archer Armor
46:33 Hand Cart
46:59 Thumb Ring
47:15 Ballistics
47:13 Leather Archer Armor
47:00 Cavalier
49:02 Plate Barding Armor
48:15 Cavalier
49:56 Blast Furnace
49:54 Town Watch
51:12 Two-Man Saw
50:45 Ring Archer Armor
52:04 Savar
Connection lost

Rejoining the realm…

Still unreachable

The connection could not be restored.

Session expired

The server has moved on; the page needs a fresh start.